 Dungeon Crawl Stone Soup version 0.17-a0-1411-g06ff558 (webtiles) character file.

60 Sommunist the Skirmisher (level 4, -5/35 HPs)
             Began as a Human Fighter on June 24, 2015.
             Slain by Sigmund
             ... wielding a +0 scythe
              (8 damage)
             ... on level 2 of the Dungeon.
             The game lasted 00:06:17 (1946 turns).

Sommunist the Skirmisher (Human Fighter)            Turns: 1946, Time: 00:06:17

Health: -5/35      AC: 11    Str: 17    XL:     4   Next: 25%
Magic:  4/4        EV:  2    Int:  8    God:
Gold:   136        SH:  0    Dex: 13    Spells: 0 memorised, 3 levels left

rFire  . . .     SeeInvis .     o - +0 flail
rCold  . . .     Clarity  .     i - +0 plate armour (curse)
rNeg   . . .     SustAt   .     c - +0 shield
rPois  .         Gourm    .     (no helmet)
rElec  .         Spirit   .     (no cloak)
rCorr  .         Warding  .     (no gloves)
rMut   .         Stasis   .     (no boots)
MR     .....                    (no amulet)
Stlth  ..........               (no ring)
                                (no ring)

@: confused, not resistant to hostile enchantments, extremely unstealthy
A: no striking features
a: no special abilities


You were on level 2 of the Dungeon.
You were not hungry.

You visited 1 branch of the dungeon, and saw 2 of its levels.

You collected 136 gold pieces.

Inventory:

Hand weapons
 l - a +4 hunting sling
 o - a +0 flail (weapon)
Missiles
 f - 104 stones (quivered)
Armour
 b - a +0 scale mail
 c - a +0 shield (worn)
 i - a cursed +0 plate armour (worn)
Scrolls
 j - 2 scrolls of identify {unknown}
 m - a scroll of recharging {unknown}
Potions
 d - 2 potions of might
 h - a potion of curing {unknown}
 n - a potion of flight {unknown}
Comestibles
 a - a slice of pizza
 e - 2 bread rations
 g - 2 chunks of flesh
 k - 2 meat rations


   Skills:
 + Level 3.5 Fighting
 * Level 2.8 Maces & Flails
 + Level 3.4 Armour
 + Level 3.4 Shields


You had 3 spell levels left.
You didn't know any spells.

Dungeon Overview and Level Annotations

Branches:
Dungeon (2/15)

Altars:
Elyvilon

Annotations:
D:2 Sigmund


Message History

You closely miss something. Something hits you but does no damage.
You miss something.
You hear some strange, mumbled words.
A puff of flame appears from out of thin air!
The puff of flame hits you!
* * * LOW HITPOINT WARNING * * *
You hit something. You block its attack.
Your shield and plate armour prevent you from hitting something.
You hear some strange, mumbled words.
You are confused.
Something hits you but does no damage.
You're too confused to move!
You bump into the rock wall.
Something hits you but does no damage.
You bump into the rock wall.
You hear some strange, mumbled words.
A magic dart appears from out of thin air!
The magic dart hits you!
* * * LOW HITPOINT WARNING * * *
You bump into the rock wall.
Something hits you!
You die...

#..# #............. #.#
##.#######..#######....
#.# ##.#........######
.... #.#
...#......(.{....# ...
#.# .............###.#
#.# .............# #.#
#.# ......####...# #.#
#.# ......# #...# #{# #.#
......# #...# #@## #.#
####'### ##'## #..## #.#
#......# #.# #...# #.#
#......# #.######.## #.#
#......# #....##...## #.#
## .......#
#...##.....######.####.
....##.##
#...#.......#..........
.......)#
#.#....._.....########.
........###.###.......###
##


There were no monsters in sight!

Vanquished Creatures
  An adder (D:2)
  An ooze (D:1)
  3 giant geckos (D:2)
  4 bats
  A giant cockroach (D:1)
  9 goblins
  10 hobgoblins
  6 kobolds
  A quokka (D:2)
  A ball python (D:1)
  A giant newt (D:1)
  3 rats (D:1)
41 creatures vanquished.

Notes
Turn   | Place    | Note
--------------------------------------------------------------
     0 | D:1      | Sommunist the Human Fighter began the quest for the Orb.
     0 | D:1      | Reached XP level 1. HP: 18/18 MP: 1/1
    19 | D:1      | Reached XP level 2. HP: 18/24 MP: 2/2
   355 | D:1      | Reached XP level 3. HP: 27/29 MP: 3/3
  1249 | D:2      | Noticed Sigmund
  1374 | D:2      | Reached XP level 4. HP: 25/35 MP: 4/4
  1637 | D:2      | Found a white marble altar of Elyvilon.
  1946 | D:2      | Slain by Sigmund

Vault maps used:
D:1:      tarquinn_simple_flora_water_e, serial_forest,
          infiniplex_forest_zigzag_1, infiniplex_forest_clump_C,
          infiniplex_forest_clump_small, infiniplex_forest_straight_5,
          infiniplex_forest_clump_diagonal, infiniplex_forest_end_3,
          infiniplex_forest_straight_1, infiniplex_forest_corner_1,
          infiniplex_forest_clump_cross
D:2:      lemuel_round_altar, uniq_sigmund

Action                   |  1- 3 |  4- 6 || total
-------------------------+-------+-------++-------
Melee: Flail             |   172 |    45 ||   217
  Eat: Chunk             |     2 |     2 ||     4
